 Dungeon Sprint DCSS version 0.28.0-43-g3370ac3207 (webtiles) character file.

Game seed: 4612391544752546356

1491 smarlow the Unseen (level 8, -8/44 HPs)
             Began as a Spriggan Enchanter on Mar 15, 2022.
             Was a Believer of Yredelemnul.
             Shot with an arrow by a centaur warrior (28 damage)
             ... in the Dungeon (Sprint I: "Red Sonja").
             The game lasted 00:01:52 (310 turns).

smarlow the Unseen (Spriggan Enchanter)              Turns: 310, Time: 00:01:52

Health: -8/44      AC:  2    Str:  4    XL:     8   Next: 51%
Magic:  20/20      EV: 17    Int: 17    God:    Yredelemnul [**....]
Gold:   539        SH:  0    Dex: 17    Spells: 20/22 levels left

rFire   . . .      SeeInvis +   a - +1 dagger
rCold   . . .      Faith    .   (no shield)
rNeg    . . .      Spirit   .   b - +0 robe
rPois   .          Reflect  .   (helmet restricted)
rElec   .          Harm     .   (no cloak)
rCorr   .          Rampage  .   (gloves unavailable)
Will    +....      NoTele   +   (boots unavailable)
Stlth   +++++++...              (no amulet)
HPRegen 0.14/turn               (no ring)
MPRegen 0.17/turn               (no ring)

@: very quick
A: very small, no large weapons, unfitting armour, see invisible, speed 3
a: Renounce Religion, Recall Undead Harvest, Dark Bargain


You were in the Dungeon.
You worshipped Yredelemnul.
Yredelemnul was noncommittal.
You visited 1 branch You collected 539 gold pieces.

Inventory:

Hand Weapons
 a - a +1 dagger (weapon)
Armour
 b - a +0 robe (worn)
Wands
 h - a wand of paralysis (10)
 k - a wand of mindburst (18)
Scrolls
 i - a scroll of blinking
 j - a scroll of identify {unknown}
 l - a scroll of vulnerability {unknown}
Potions
 c - a potion of invisibility
 d - a potion of curing
 e - a potion of heal wounds
 f - a potion of haste
 g - 2 potions of magic


   Skills:
 * Level 6.2 Fighting
 + Level 5.1 Short Blades
 - Level 2.6 Dodging
 * Level 19.8 Stealth
 + Level 7.6 Spellcasting
 + Level 11.3 Hexes


You had 20 spell levels left.
You knew the following spells:

 Your Spells              Type           Power      Damage    Failure   Level
a - Ensorcelled Hibernat  Hex/Ice        50%        N/A       1%          2

Your spell library contained the following spells:

 Spells                   Type           Power      Damage    Failure   Level
 Confusing Touch          Hex            45%        N/A       1%          3
 Tukima's Dance           Hex            45%        N/A       1%          3
 Dazzling Flash           Conj/Hex       50%        N/A       3%          3


Dungeon Overview and Level Annotations

Branches:
Dungeon (1/1)

Altars:
Cheibriados
Dithmenos
Elyvilon
Fedhas
Gozag
Hepliaklqana
Kikubaaqudgha
Nemelex Xobeh
Okawaru
Qazlal
Ru
Sif Muna
Trog
Uskayaw
Vehumet
Wu Jian
Yredelemnul
Zin
The Shining One

Shops:
D =


Innate Abilities, Weirdness & Mutations

You are very small and have problems with some larger weapons.
You are too small for most types of armour.
You have supernaturally acute eyesight. (SInv)
You cover ground extremely quickly. (Speed+++)


Message History

You now have 525 gold pieces (gained 12).
You now have 539 gold pieces (gained 14).
You swap places.
l - a scroll labelled ETTEZI ZIMY You swap places.
You open the door.
A centaur warrior comes into view.
A centaur warrior comes into view.
There is an open door here.
You enter the shallow water.
Moving in this stuff is going to be slow.
Found 20 gold pieces.
The centaur warrior hits you. The centaur warrior kicks you.
The centaur warrior shouts!
You swap places.
You enter the shallow water.
Moving in this stuff is going to be slow.
The centaur warrior wields a +0 shortbow.
The centaur warrior shoots an arrow.
The arrow barely misses you.
The centaur warrior wields a +0 longbow.
The centaur warrior shoots an arrow.
The arrow closely misses Sonja.
The arrow misses you.
The arrow hits your deep troll zombie!!!
Sonja closely misses the centaur warrior.
Sonja barely misses the centaur warrior.
Sonja hits the centaur warrior but does no damage.
The centaur warrior shoots an arrow.
The arrow closely misses you. The arrow hits your deep troll zombie!
The centaur warrior shoots an arrow.
The arrow completely misses Sonja.
The arrow hits you!
Something closely misses Sonja.
Something completely misses Sonja.
Sonja hits something.
Sonja barely misses something.
Sonja completely misses something.
There is an open door here.
Which direction?
You close the door.
A centaur warrior opens the door.
There is an open door here.
The centaur warrior shoots an arrow.
The arrow hits you!!
Ouch! That really hurt!
You die...
Your body rises from the dead as a mindless zombie.

#..#####'#####'# ####
#..####..#...#(####$$#
#..#__####..##(#§§§c§#
#..#_____##'#_.+§≈§Z§+
#⌠⌠#_.∩...'..._#≈c§§c#
####_..__##_.#'##§####
#_____###'#.#....#
#########.####'###
+...'.@...+
#.).####### ##.## #+#


You could see a centaur warrior.

Vanquished Creatures
  Sonja (D)
  A deep troll (D)
  Sigmund (D)
  A yak (D)
  An ogre (D)
  A jelly (D)
  Ijyb (D)
7 creatures vanquished.

Notes
Turn   | Place    | Note
-------+----------+-------------------------------------------
     0 | D        | smarlow the Spriggan Enchanter began the quest for the Orb.
     0 | D        | Reached XP level 1. HP: 9/9 MP: 5/5
     2 | D        | Noticed Ijyb
    13 | D        | Killed Ijyb
    14 | D        | Reached skill level 1 in Fighting
    14 | D        | Reached skill level 7 in Stealth
    14 | D        | Reached skill level 5 in Hexes
    14 | D        | Reached XP level 2. HP: 15/15 MP: 7/7
    47 | D        | Learned a level 2 spell: Ensorcelled Hibernation
   148 | D        | Noticed an ogre
   151 | D        | Killed an ogre
   152 | D        | Reached skill level 10 in Stealth
   152 | D        | Reached XP level 3. HP: 19/19 MP: 7/9
   152 | D        | Reached XP level 4. HP: 23/23 MP: 8/11
   180 | D        | Noticed Sigmund
   183 | D        | Killed Sigmund
   184 | D        | Reached skill level 13 in Stealth
   184 | D        | Reached skill level 5 in Spellcasting
   184 | D        | Reached XP level 5. HP: 29/29 MP: 11/13
   203 | D        | Found an ornate altar of the Wu Jian Council.
   203 | D        | Found a shimmering blue altar of Sif Muna.
   205 | D        | Found a radiant altar of Vehumet.
   210 | D        | Reached XP level 6. HP: 33/33 MP: 13/15
   240 | D        | Found Seunt's Jewellery Emporium.
   240 | D        | Found an ancient bone altar of Kikubaaqudgha.
   240 | D        | Found a hazy altar of Hepliaklqana.
   240 | D        | Found a stormy altar of Qazlal.
   240 | D        | Found a hide-covered altar of Uskayaw.
   240 | D        | Found a blossoming altar of Fedhas.
   240 | D        | Found a bloodstained altar of Trog.
   240 | D        | Found an iron altar of Okawaru.
   240 | D        | Found a basalt altar of Yredelemnul.
   240 | D        | Found a glowing golden altar of the Shining One.
   240 | D        | Found a snail-covered altar of Cheibriados.
   240 | D        | Found a sacrificial altar of Ru.
   240 | D        | Found a glowing silver altar of Zin.
   240 | D        | Found a shadowy altar of Dithmenos.
   240 | D        | Found a white marble altar of Elyvilon.
   240 | D        | Noticed a yak
   241 | D        | Found an opulent altar of Gozag.
   242 | D        | Killed a yak
   243 | D        | Reached skill level 15 in Stealth
   243 | D        | Found a sparkling altar of Nemelex Xobeh.
   249 | D        | Became a worshipper of Yredelemnul the Dark
   258 | D        | Noticed Sonja
   262 | D        | Killed Sonja
   263 | D        | Reached skill level 5 in Fighting
   263 | D        | Reached skill level 18 in Stealth
   263 | D        | Reached skill level 10 in Hexes
   263 | D        | Reached XP level 7. HP: 39/39 MP: 16/18
   272 | D        | Noticed a deep troll
   276 | D        | Killed a deep troll
   276 | D        | Reached * piety under Yredelemnul
   276 | D        | Reached ** piety under Yredelemnul
   277 | D        | Reached skill level 5 in Short Blades
   277 | D        | Reached skill level 19 in Stealth
   277 | D        | Reached XP level 8. HP: 44/44 MP: 17/20
   301 | D        | Noticed a centaur warrior
   302 | D        | Noticed a centaur warrior
   310 | D        | Shot with an arrow by a centaur warrior

Illustrated notes

Levels and vault maps discovered:
D:        dungeon_sprint_1 [red_sonja_temple_1, red_sonja_temple_small_1]

Skill      XL: |  1  2  3  4  5  6  7 |
---------------+----------------------+-----
Fighting       | 1 2 3 4 5 6 |  6.2
Stealth        | 7 10 13 18 19 | 19.8
Spellcasting   | 3 4 5 7 |  7.6
Hexes          | 5 6 8 10 11 | 11.3
Short Blades   | 2 3 4 5 |  5.1
Dodging        | |  2.6

Action                   |  1- 3 |  4- 6 |  7- 9 || total
-------------------------+-------+-------+-------++-------
Melee: Dagger            |    10 |     4 |     1 ||    15
  Use: Potion            |     1 |       |       ||     1
 Stab: Sleeping          |     2 |     4 |     1 ||     7
Dodge: Dodged            |     5 |       |     3 ||     8
